AoeStats
← OG.faker

Fortress

510095868Analyzed
4v4 RM · 3d ago on Sep 29, 2026· 80m 18s· 8 players
Game mode
Random Map
Map size
Huge
Population
200
Speed
Normal
Resources
Standard
Victory
Conquest
Starting age
Dark Age
Ending age
Imperial Age
RankedLock teamsTeams togetherTeam positionsShared explorationLock speedFull tech treeHidden civsTurbo modeCheats
Victory
Defeat
🇭🇰 Portuguese · Hong Kong SAR China
1137
+15
🇨🇳 Berbers · China
1109
+17
🇨🇳 Franks · China
1108
+17
🇨🇳 Spanish · China
971
+23
🇦🇺 Saracens · Australia
1144
-19
🇨🇳 Poles · China
1120
-18
🇨🇳 Khmer · China
1117
-18
🇨🇱 Saxons · Chile
1091
-17
GENIACO
6:48 Feudal Age
11:07 Castle Age
9:57 Double-Bit Axe
10:03 Horse Collar
11:12 Gold Mining
13:40 Scale Mail Armor
14:19 Loom
16:16 Town Watch
27:37 Heavy Plow
31:29 Imperial Age
30:12 Wheelbarrow
30:54 Gold Shaft Mining
30:09 Stone Mining
30:35 Chain Mail Armor
30:31 Forging
30:11 Pikeman
30:52 Squires
30:38 Arson
31:13 Bow Saw
31:46 Hand Cart
32:44 Iron Casting
32:25 Fortified Wall
32:28 Masonry
31:40 Elite Hearth Troop
32:42 Conscription
32:58 Town Patrol
33:48 Ballistics
33:09 Treadmill Crane
34:03 Plate Mail Armor
32:57 Shield Wall
33:50 Fletching
34:36 Architecture
35:06 Hoardings
35:06 Redemption
35:12 Block Printing
36:07 Sappers
37:12 Clerical Recruitment
40:17 Siege Engineers
41:13 Chemistry
40:10 Murder Holes
40:13 Bodkin Arrow
39:46 Halberdier
41:04 Illumination
41:16 Padded Archer Armor
41:16 Bracer
44:02 Leather Archer Armor
43:10 Elite Skirmisher
45:11 Two-Man Saw
45:43 Ring Archer Armor
49:58 Capped Ram
50:56 Caravan
59:01 Sanctity
58:40 Herbal Medicine
58:39 Siege Ram
zack
8:11 Feudal Age
8:58 Double-Bit Axe
12:41 Castle Age
12:38 Horse Collar
20:01 Bow Saw
19:53 Heavy Plow
21:17 Wheelbarrow
21:29 Gold Mining
21:29 Stone Mining
24:58 Imperial Age
24:05 Hand Cart
23:36 Town Watch
23:36 Loom
24:15 Scale Barding Armor
24:21 Forging
25:31 Stone Shaft Mining
25:48 Chain Barding Armor
25:45 Bloodlines
25:38 Husbandry
25:00 Light Cavalry
27:17 Iron Casting
28:02 Crop Rotation
27:17 Winged Hussar
27:45 Treadmill Crane
28:23 Cavalier
30:57 Blast Furnace
30:36 Conscription
30:49 Lechitic Legacy
32:32 Chemistry
35:17 Fletching
35:28 Padded Archer Armor
35:52 Ballistics
35:39 Siege Engineers
35:41 Crossbowman
36:28 Thumb Ring
36:03 Heavy Mounted Crossbowman
37:28 Bodkin Arrow
37:48 Leather Archer Armor
39:27 Bracer
54:41 Caravan
Longlonglong
8:40 Feudal Age
12:09 Castle Age
11:07 Double-Bit Axe
11:08 Horse Collar
25:43 Bow Saw
25:52 Stone Mining
26:35 Gold Mining
30:42 Imperial Age
28:49 Wheelbarrow
29:40 Gold Shaft Mining
29:44 Stone Shaft Mining
29:28 Scale Barding Armor
29:33 Forging
31:58 Conscription
30:59 Elite Ballista Elephant
31:58 Hand Cart
31:31 Loom
32:17 Chain Barding Armor
32:33 Iron Casting
34:06 Chemistry
33:12 Siege Engineers
33:29 Double Crossbow
35:08 Husbandry
35:18 Bloodlines
34:29 Light Cavalry
37:35 Hussar
38:54 Plate Barding Armor
39:19 Blast Furnace
38:25 Caravan
45:35 Elite Battle Elephant
MegaPanda
7:57 Feudal Age
9:20 Double-Bit Axe
9:15 Horse Collar
10:51 Loom
14:12 Castle Age
15:04 Bow Saw
14:55 Heavy Plow
18:27 Wheelbarrow
23:39 Bloodlines
25:18 Fletching
29:50 Hand Cart
29:59 Gold Mining
33:50 Imperial Age
31:29 Scale Barding Armor
31:35 Forging
33:45 Iron Casting
33:34 Chain Barding Armor
33:53 Town Watch
35:38 Plate Barding Armor
34:38 Capped Ram
36:43 Iron Casting
35:49 Elite Mameluke
37:17 Ballistics
38:48 Blast Furnace
40:36 Siege Ram
41:44 Scale Mail Armor
41:39 Bodkin Arrow
41:07 Light Cavalry
41:47 Husbandry
43:59 Bracer
56:56 Caravan
60:39 Padded Archer Armor
61:20 Elite Skirmisher
OG.faker
7:00 Feudal Age
11:38 Castle Age
9:48 Double-Bit Axe
13:18 Bow Saw
20:53 Wheelbarrow
22:39 Stone Mining
25:54 Imperial Age
24:01 Kasbah
24:09 Treadmill Crane
24:41 Bloodlines
24:31 Husbandry
24:47 Gold Mining
25:33 Stone Shaft Mining
25:48 Hand Cart
26:16 Thumb Ring
26:14 Fletching
26:24 Padded Archer Armor
27:16 Bodkin Arrow
27:37 Leather Archer Armor
28:02 Conscription
27:27 Elite Camel Archer
29:06 Gold Shaft Mining
28:34 Bracer
29:05 Ring Archer Armor
30:01 Chemistry
29:36 Ballistics
29:07 Horse Collar
30:25 Maghrebi Camels
30:38 Forging
30:34 Scale Barding Armor
31:04 Heavy Plow
32:09 Iron Casting
31:07 Light Cavalry
32:13 Hussar
33:59 Blast Furnace
34:41 Chain Barding Armor
36:00 Plate Barding Armor
39:39 Elite Genitour
44:13 Caravan
58:29 Siege Engineers
58:34 Masonry
75:11 Heavy Camel Rider
76:17 Heavy Camel Rider
Kobe-Bryant
7:11 Feudal Age
8:37 Double-Bit Axe
13:37 Castle Age
16:24 Bow Saw
17:14 Loom
20:41 Wheelbarrow
21:37 Gold Mining
21:46 Stone Mining
25:41 Gold Shaft Mining
26:12 Hand Cart
27:28 Pikeman
28:09 Squires
28:24 Scale Mail Armor
28:35 Forging
31:34 Imperial Age
30:24 Town Watch
31:00 Arson
31:59 Chain Mail Armor
32:20 Iron Casting
33:26 Conscription
32:29 Elite Throwing Axeman
33:18 Halberdier
35:19 Blast Furnace
36:53 Plate Mail Armor
37:32 Town Patrol
69:01 Caravan
MasterXuanyi
7:40 Feudal Age
12:13 Castle Age
10:17 Double-Bit Axe
11:10 Horse Collar
13:26 Loom
13:57 Bow Saw
17:22 Gold Mining
20:54 Wheelbarrow
22:40 Heavy Plow
23:19 Wheelbarrow
22:45 Stone Mining
28:36 Imperial Age
30:33 Chemistry
30:51 Conscription
30:52 Fortified Wall
31:10 Padded Archer Armor
32:55 Leather Archer Armor
33:40 Siege Engineers
34:34 Elite Genitour
36:15 Bombard Tower
37:42 Treadmill Crane
38:13 Masonry
38:21 Thumb Ring
38:48 Ring Archer Armor
38:10 Fletching
39:22 Two-Man Saw
39:20 Arquebus
38:55 Capped Ram
40:00 Ballistics
40:13 Architecture
40:36 Bodkin Arrow
41:11 Murder Holes
47:05 Ballistics
49:39 Bracer
52:13 Scale Barding Armor
52:19 Forging
52:36 Light Cavalry
53:26 Bloodlines
53:17 Husbandry
64:13 Hand Cart
68:36 Iron Casting
68:22 Chain Barding Armor
69:01 Town Watch
70:35 Devotion
72:03 Faith
74:18 Blast Furnace
73:54 Plate Barding Armor
74:50 Town Patrol
78:55 Cavalier
Rex Incognito
7:41 Feudal Age
11:17 Castle Age
9:33 Double-Bit Axe
10:02 Horse Collar
10:51 Padded Archer Armor
16:47 Husbandry
16:58 Bloodlines
16:50 Husbandry
20:06 Loom
29:41 Imperial Age
28:47 Wheelbarrow
30:47 Conscription
31:20 Leather Archer Armor
31:14 Heavy Plow
31:07 Gold Mining
31:28 Bow Saw
32:07 Hand Cart
33:00 Ring Archer Armor
33:58 Two-Man Saw
34:06 Guilds
33:30 Elite Conquistador
38:47 Chemistry
38:52 Cavalier
38:53 Light Cavalry
39:49 Scale Barding Armor
39:54 Forging
40:06 Hussar
41:08 Chain Barding Armor
41:50 Iron Casting
41:56 Cavalier
46:24 Plate Barding Armor
46:49 Blast Furnace
53:21 Town Watch
54:56 Fortified Wall
54:58 Masonry
55:23 Scale Mail Armor
58:28 Elite Genitour
60:32 Architecture
60:27 Ballistics
59:58 Fletching
62:31 Thumb Ring
62:22 Bodkin Arrow
62:59 Bracer
62:24 Heavy Mounted Crossbowman
65:01 Caravan
66:06 Sappers
68:06 Coinage
68:59 Heavy Mounted Crossbowman
72:42 Banking
76:09 Cavalier
81:07 Bombard Tower
Connection lost

Rejoining the realm…

Still unreachable

The connection could not be restored.

Session expired

The server has moved on; the page needs a fresh start.